 Dungeon Crawl Stone Soup version 0.16.1-18-g436b03c (webtiles) character file.

8680 tognito the Fighter (level 11, -1/106 HPs)
             Began as a Minotaur Berserker on Mar 13, 2015.
             Was the Champion of Trog.
             Slain by an orc knight
             ... wielding a +0 war axe
              (21 damage)
             ... on level 4 of the Orcish Mines on May 3, 2015.
             The game lasted 01:15:35 (10874 turns).

tognito the Fighter (Minotaur Berserker)           Turns: 10874, Time: 01:15:36

Health: -1/106     AC: 21    Str: 25    XL:     11   Next: 13%
Magic:  1/1        EV:  9    Int:  4    God:    Trog [******]
Gold:   989        SH:  0    Dex: 13    Spells: 0 memorised, 10 levels left

rFire  . . .     SeeInvis .     a - +2 war axe (antimagic)
rCold  . . .     Clarity  .     C - +0 plate armour
rNeg   . . .     SustAb   .     (no shield)
rPois  .         Gourm    .     (helmet restricted)
rElec  .         Spirit   .     (no cloak)
rCorr  .         Warding  .     x - +1 pair of gloves
rMut   .         Stasis   .     (no boots)
MR     .....                    l - amulet of faith
Stlth  ..........               t - +5 ring of protection
                                f - +3 ring of dexterity

@: exhausted, slowed, very slow, not resistant to hostile enchantments,
extremely unstealthy
A: retaliatory headbutt, horns 2
a: Burn Spellbooks, Berserk, Trog's Hand, Brothers in Arms, Renounce Religion


You were on level 4 of the Orcish Mines.
You worshipped Trog.
Trog was exalted by your worship.
You were very hungry.

You visited 2 branches of the dungeon, and saw 13 of its levels.

You collected 989 gold pieces.

Inventory:

Hand weapons
 a - a +2 antimagic war axe (weapon)
 b - a +4 greatsling of flaming
 s - a +7 battleaxe of freezing
 v - a +0 dagger of holy wrath
 B - the +7 battleaxe "Shroirol" {drain, *Rage rPois rC+ Int+3 Stlth+, unknown}
   (Trog gifted it to you on level 2 of the Orcish Mines)

   A truly terrible weapon, it drains the life of those it strikes.
   It affects your intelligence (+3).
   It protects you from cold.
   It protects you from poison.
   It may make you go berserk in combat.
   It makes you more stealthy.
 D - a +2 hunting sling of freezing
 L - a +1 greatsling of flaming
Missiles
 d - 11 sling bullets
 k - 114 arrows
 w - 6 arrows of flame
 z - 22 bolts
 A - 14 tomahawks (quivered)
 J - 3 javelins of penetration
Armour
 x - a +1 pair of gloves (worn)
 C - a +0 plate armour (worn)
Jewellery
 e - an uncursed ring of poison resistance
 f - a +3 ring of dexterity (left hand)
 l - an amulet of faith (around neck)
 m - an uncursed amulet of resist corrosion
 t - a +5 ring of protection (right hand)
 y - the ring "Scheap" {+Fly rF- rC+ rN+ Int+3}
   (You found it on level 6 of the Dungeon)

   [ring of protection from cold]

   It affects your intelligence (+3).
   It makes you vulnerable to fire.
   It protects you from cold.
   It protects you from negative energy.
   It lets you fly.
 F - an uncursed ring of poison resistance
 G - an uncursed amulet of warding
Magical devices
 i - a wand of draining (5)
 E - a wand of magic darts (32)
 I - a wand of fire (6)
Scrolls
 h - 3 scrolls of identify
 p - 3 scrolls of remove curse
 u - 2 scrolls of teleportation
Potions
 j - a potion of cancellation
 o - 2 potions of heal wounds
 r - 4 potions of agility
 H - a potion of restore abilities
 K - a potion of might {unknown}
Comestibles
 c - 12 bread rations
 g - 9 fruits
 n - a beef jerky
 q - 2 slices of pizza


   Skills:
 * Level 12.8 Fighting
 + Level 11.4 Axes
 + Level 6.7 Slings
 + Level 8.0 Armour
 + Level 5.5 Dodging
 + Level 1.1 Stealth
 + Level 0.2 Evocations


You had 10 spell levels left.
You didn't know any spells.

Dungeon Overview and Level Annotations

Branches:
Dungeon (9/15)             Temple (0/1) D:7             Orc (4/4) D:9
   Lair: D:8-11         Elf: Orc:3-4

Altars:
Ashenzari
Dithmenos
Fedhas
Gozag
Makhleb
Okawaru
Qazlal
Sif Muna
Trog
Vehumet
Yredelemnul
Zin
The Shining One

Shops:
D:4 [

Annotations:
D:3 exclusion: oklob plant
D:6 exclusion: statue


Innate Abilities, Weirdness & Mutations

You reflexively headbutt those who attack you in melee.
You have a pair of horns on your head.


Message History

Trog accepts your kill.
You are no longer berserk.
You are exhausted.
You feel yourself slow down.
You are feeling very hungry.
You closely miss the orc knight. Your headbutt misses the orc knight.
The orc knight barely misses you.
You barely miss the orc knight.
The orc knight hits you with a dire flail!
* * * LOW HITPOINT WARNING * * *
You slice the orc knight!!
You headbutt the orc knight, but do no damage.
The orc knight is moderately wounded.
The orc knight hits you but does no damage.
You hit the orc knight but do no damage.
You headbutt the orc knight, but do no damage.
The orc knight is moderately wounded.
You hit the orc knight but do no damage.
The orc knight hits you with a war axe!!
You die...

#......### #......$.# #
## #.......# ##..
##.###......# ##.....
#....#.)....##........
#....()....#.......
###.(.)....#.#.#.#.#.
#..))#...)[†.o.......
######..#(....()@o.......
.##.##...#...)))(........
......#.......#.#(#.#.#.
......).....$.#..(....
........#.....##........
#.....####.#..# ##.....
.#...## ##...# ##..
....## #...# # .#...# ###
###


You could see 2 orc knights.

Vanquished Creatures
  Snorg (Orc:2)
  Erica (Orc:2)
  Urug (Orc:2)
  The ghost of hemol the Basher, an experienced MiFi of Qazlal (D:6)
  Prince Ribbit (D:6)
  A steam dragon (D:9)
  A hippogriff (D:7)
  2 wargs (Orc:4)
  An ice beast (D:7)
  12 orc warriors
  9 ogres
  A sky beast (D:9)
  The ghost of Scuka the Changer, an average MfTm (D:3)
  3 centaurs
  5 giant frogs
  3 big kobolds
  A scorpion (D:8)
  2 goliath beetles
  An electric eel (D:9)
  3 crimson imps
  3 jellies
  A giant frog zombie (D:9)
  29 orc priests
  5 hounds
  3 iguanas
  Natasha (D:3)
  A giant frog skeleton (D:4)
  13 orc wizards
  7 worker ants
  2 hound zombies
  2 hound skeletons
  11 adders
  8 gnolls
  A giant mite (D:4)
  A shadow imp (D:3)
  7 worms
  An adder skeleton (D:9)
  8 giant geckos
  98 orcs
  20 bats
  3 bat skeletons
  5 giant cockroaches
  21 goblins
  15 hobgoblins
  11 jackals
  66 kobolds
  3 quokkas
  A giant gecko zombie (D:7)
  3 giant newts
  A giant spore (D:9)
  2 quokka skeletons
  26 rats
  A ballistomycete (D:9)
  A fungus (D:3)
  6 plants (D:3)
  3 toadstools (D:3)
441 creatures vanquished.

Vanquished Creatures (others)
  2 fungi
  10 toadstools (D:3)
12 creatures vanquished.

Grand Total: 453 creatures vanquished

Notes
Turn   | Place    | Note
--------------------------------------------------------------
     0 | D:1      | tognito, the Minotaur Berserker, began the quest for the Orb.
     0 | D:1      | Reached XP level 1. HP: 19/19 MP: 1/1
     2 | D:1      | Noticed a centaur
     2 | D:1      | Noticed a draconian
     4 | D:1      | Noticed an elf
     4 | D:1      | Noticed a vampire
     6 | D:1      | Noticed a dwarf
     8 | D:1      | Noticed a human
     8 | D:1      | Noticed a minotaur
    10 | D:1      | Noticed a spriggan
    10 | D:1      | Noticed a felid
    12 | D:1      | Noticed a formicid
    14 | D:1      | Noticed a gargoyle
    14 | D:1      | Noticed a vine stalker
    16 | D:1      | Noticed a ghoul
    16 | D:1      | Noticed a merfolk
    18 | D:1      | Noticed an octopode
    20 | D:1      | Noticed a troll
    20 | D:1      | Noticed an ogre
    22 | D:1      | Noticed a tengu
    22 | D:1      | Noticed a naga
    24 | D:1      | Noticed a demonspawn
    26 | D:1      | Noticed a demigod
    32 | D:1      | Upgraded the game from 0.16-b1 to 0.16.1-5-gaa23807
    67 | D:1      | Upgraded the game from 0.16.1-5-gaa23807 to 0.16.1-18-g436b03c
   153 | D:1      | Reached skill level 4 in Axes
   196 | D:1      | Reached XP level 2. HP: 27/27 MP: 1/1
   510 | D:1      | Acquired Trog's second power
   776 | D:2      | Reached XP level 3. HP: 32/34 MP: 2/2
  1282 | D:2      | Reached XP level 4. HP: 35/41 MP: 2/2
  1575 | D:3      | Found a blossoming altar of Fedhas.
  1590 | D:3      | Noticed an oklob plant
  1639 | D:3      | Noticed Natasha
  1642 | D:3      | Killed Natasha
  1642 | D:3      | Reached skill level 5 in Fighting
  1993 | D:3      | Found a deep blue altar of Sif Muna.
  2191 | D:3      | Reached skill level 5 in Axes
  2270 | D:3      | Reached XP level 5. HP: 48/48 MP: 2/2
  2408 | D:3      | Noticed Scuka's ghost (average MfTm)
  2417 | D:3      | Killed Scuka's ghost
  2636 | D:4      | Found Raiwkuhynn's Antique Armour Emporium.
  2636 | D:4      | Noticed an ogre
  2649 | D:4      | Found a shattered altar of Ashenzari.
  2654 | D:4      | Saw a vision of the Swamp and the Spider Nest.
  2654 | D:4      | Noticed a spider
  2654 | D:4      | Noticed a redback
  2654 | D:4      | Noticed a redback
  2654 | D:4      | Noticed an alligator
  2654 | D:4      | Noticed an alligator
  2654 | D:4      | Noticed a baby alligator
  2654 | D:4      | Noticed a baby alligator
  2654 | D:4      | Noticed a water moccasin
  2654 | D:4      | Noticed a raven
  2655 | D:4      | Noticed a baby alligator
  2656 | D:4      | Noticed a water moccasin
  2739 | D:4      | Reached XP level 6. HP: 56/56 MP: 3/3
  2741 | D:4      | Acquired Trog's third power
  2831 | D:4      | Found a shadowy altar of Dithmenos.
  2953 | D:4      | Noticed a moth of wrath
  2964 | D:4      | Killed an ogre
  2974 | D:4      | Found a bloodstained altar of Trog.
  3244 | D:5      | Entered Level 5 of the Dungeon
  3484 | D:5      | Reached skill level 6 in Axes
  3484 | D:5      | Reached skill level 1 in Slings
  3484 | D:5      | Reached XP level 7. HP: 35/62 MP: 3/3
  3851 | D:5      | Received a gift from Trog
  4117 | D:5      | Received a gift from Trog
  4293 | D:5      | Reached skill level 7 in Fighting
  4568 | D:5      | Reached XP level 8. HP: 73/73 MP: 3/3
  5008 | D:6      | Reached skill level 5 in Armour
  5027 | D:6      | Noticed Prince Ribbit
  5041 | D:6      | Killed Prince Ribbit
  5053 | D:6      | Got a crude amber ring
  5136 | D:6      | Noticed hemol's ghost (experienced MiFi)
  5145 | D:6      | Killed hemol's ghost
  5145 | D:6      | Reached skill level 8 in Fighting
  5145 | D:6      | Reached skill level 1 in Stealth
  5288 | D:6      | Reached skill level 9 in Fighting
  5486 | D:6      | Identified the ring "Scheap" {+Fly rF- rC+ rN+ Int+3} (You found it on level 6 of the Dungeon)
  5533 | D:6      | Found a basalt altar of Yredelemnul.
  5602 | D:6      | Reached XP level 9. HP: 83/83 MP: 4/4
  5678 | D:6      | Received a gift from Trog
  5694 | D:6      | Found a radiant altar of Vehumet.
  5829 | D:7      | Found an iron altar of Okawaru.
  5872 | D:7      | Found an opulent altar of Gozag.
  6054 | D:7      | Found a staircase to the Ecumenical Temple.
  6116 | D:7      | Reached skill level 5 in Dodging
  6494 | D:7      | Found a burning altar of Makhleb.
  6497 | D:7      | Found a glowing silver altar of Zin.
  6497 | D:7      | Noticed an angel
  6504 | D:7      | Noticed a cacodemon
  6675 | D:7      | Found a glowing golden altar of the Shining One.
  6675 | D:7      | Found a stormy altar of Qazlal.
  6794 | D:7      | Reached skill level 10 in Fighting
  6830 | D:7      | Received a gift from Trog
  8040 | D:9      | Reached skill level 5 in Slings
  8087 | D:9      | Reached XP level 10. HP: 75/94 MP: 4/4
  8130 | D:9      | Received a gift from Trog
  8176 | D:9      | Reached skill level 11 in Fighting
  8190 | D:9      | Found a staircase to the Orcish Mines.
  8945 | Orc:1    | Entered Level 1 of the Orcish Mines
  9133 | Orc:2    | Noticed Snorg
  9144 | Orc:2    | Reached skill level 10 in Axes
  9145 | Orc:2    | Killed Snorg
  9545 | Orc:2    | Received a gift from Trog
  9546 | Orc:2    | Got a scorched battleaxe {god gift}
  9591 | Orc:2    | Noticed Erica
  9603 | Orc:2    | Killed Erica
  9603 | Orc:2    | Reached skill level 12 in Fighting
  9868 | Orc:2    | Noticed Urug
  9880 | Orc:2    | Killed Urug
 10105 | Orc:4    | Entered Level 4 of the Orcish Mines
 10212 | Orc:4    | Received a gift from Trog
 10282 | Orc:4    | Reached XP level 11. HP: 73/105 MP: 1/4
 10865 | Orc:4    | Noticed an orc knight
 10868 | Orc:4    | Noticed an orc knight
 10874 | Orc:4    | Slain by an orc knight

Action                   |  1- 3 |  4- 6 |  7- 9 | 10-12 || total
-------------------------+-------+-------+-------+-------++-------
Melee: Hand axe          |    72 |   158 |    13 |       ||   243
       War axe           |       |    33 |       |   170 ||   203
       Battleaxe         |       |       |   183 |    17 ||   200
       Broad axe         |       |       |    44 |       ||    44
 Fire: Hunting sling     |       |    16 |    58 |    11 ||    85
       Greatsling        |       |       |    28 |    80 ||   108
       Shortbow          |       |       |     4 |       ||     4
Invok: Berserk           |       |       |       |     2 ||     2
Evoke: Wand              |       |       |     2 |       ||     2
  Use: Scroll            |     5 |     5 |     9 |     3 ||    22
       Potion            |     5 |     3 |     2 |       ||    10
  Eat: Chunk             |     1 |     7 |    15 |     9 ||    32
       Fruit             |       |       |     1 |       ||     1
